Map: Bridgehead LE (Void)

Players

warren

  • Race: Protoss Protoss
  • League: Bronze

wabbajack - Winner!

  • Race: Zerg Zerg
  • League: Gold

VOD

Have the link to the VOD?

Description

Time

  • Played on: July 21, 2015, 8:53 p.m.
  • Length: 12:48
Show
View Real Time Build Order
Export as new Build Order

warren Protoss 

Build Orders:  

Get SALT Encoding   

  12  0:01  Probe  
  13  0:13  Probe  
  14  0:22  Pylon  
  14  0:40  Probe (Chrono Boost)  
  15  0:49  Probe (Chrono Boost)  
  16  0:57  Probe  
  17  1:09  Probe (Chrono Boost)  
  18  1:21  Probe (Chrono Boost)  
  19  1:26  Nexus  
  19  1:28  Probe (Chrono Boost)  
  19  1:29  Gateway  
  20  1:38  Probe  
  21  1:43  Assimilator  
  21  1:47  Assimilator  
  21  1:51  Probe  
  22  1:57  Pylon  
  22  1:59  Pylon  
  22  2:15  Probe (Chrono Boost)  
  22  2:19  Cybernetics Core  
  23  2:25  Probe (Chrono Boost)  
  24  2:32  Probe (Chrono Boost)  
  25  2:37  Gateway  
  25  2:43  Probe (Chrono Boost)  
  27  2:45  Probe (Chrono Boost)  
  27  2:50  Warp Gate (Chrono Boost)  
  29  2:52  Probe (Chrono Boost)  
  29  2:55  Probe (Chrono Boost)  
  30  3:00  Probe (Chrono Boost), Adept  
  30  3:04  Probe (Chrono Boost)  
  33  3:07  Mothership Core (Chrono Boost)  
  35  3:19  Probe (Chrono Boost)  
  36  3:23  Probe (Chrono Boost)  
  38  3:28  Probe (Chrono Boost)  
  38  3:31  Stalker  
  38  3:33  Probe (Chrono Boost)  
  41  3:36  Adept  
  41  3:39  Gateway  
  43  3:42  Probe (Chrono Boost)  
  43  3:43  Gateway, Probe (Chrono Boost)  
  44  3:50  Probe (Chrono Boost)  
  44  3:54  Pylon  
  46  3:56  Probe (Chrono Boost)  
  46  3:58  Probe (Chrono Boost)  
  46  4:02  Forge  
  47  4:03  Adept (Chrono Boost)  
  51  4:20  Adept (Chrono Boost)  
  51  4:24  Pylon  
  51  4:27  Adept (Chrono Boost), Pylon  
  51  4:28  Pylon  
  42  5:00  Adept x3  
  48  5:08  Protoss Shields Level 1 (Chrono Boost)  
  48  5:16  Probe x2  
  48  5:19  Stalker  
  48  5:20  Stalker  
  54  5:34  Adept x2  
  54  6:05  Adept x2  
  54  6:06  Adept x2  
  54  6:07  Probe x2 (Chrono Boost)  
  64  6:19  Probe (Chrono Boost)  
  64  6:22  Photon Cannon  
  64  6:25  Probe (Chrono Boost)  
  66  6:27  Probe (Chrono Boost)  
  66  6:31  Probe (Chrono Boost), Adept x4  
  76  6:36  Probe  
  77  6:43  Probe  
  78  6:48  Probe  
  79  6:55  Probe  
  79  7:00  Stalker  
  79  7:01  Stalker  
  84  7:13  Pylon  
  84  7:15  Pylon  
  83  7:16  Pylon  
  82  7:33  Adept x3  
  82  7:34  Adept  
  90  7:43  Gateway  
  90  7:44  Gateway  
  90  7:46  Gateway  
  90  7:48  Gateway  
  90  7:49  Gateway  
  78  8:00  Stalker x3  
  78  8:01  Stalker  
  76  8:07  Robotics Facility  
  64  8:27  Nexus  
  64  8:30  Pylon  
  60  8:37  Assimilator  
  60  8:40  Assimilator  
  60  8:41  Pylon  
  56  8:43  Sentry x2  
  56  8:44  Sentry  
  62  8:51  Protoss Ground Weapons Level 1 (Chrono Boost)  
  61  9:09  Probe x2  
  63  9:10  Photon Cannon  
  63  9:14  Immortal (Chrono Boost)  
  67  9:21  Probe x2  
  69  9:26  Pylon, Photon Cannon  
  69  9:33  Probe x2  
  69  9:38  Stargate  
  72  9:45  Probe x2  
  72  9:46  Stalker  
  72  9:47  Stalker  
  72  9:48  Sentry x2  
  81  10:01  Stalker x2  
  82  10:15  Probe (Chrono Boost)  
  82  10:21  Probe x2 (Chrono Boost)  
  85  10:30  Fleet Beacon, Stargate  
  85  10:31  Probe (Chrono Boost)  
  85  10:34  Probe (Chrono Boost)  
  85  10:35  Probe (Chrono Boost)  
  88  10:37  Assimilator  
  88  10:41  Assimilator  
  88  10:46  Pylon  
  88  10:47  Pylon  
  88  10:48  Pylon  
  88  10:57  Immortal  
  88  11:00  Probe (Chrono Boost)  
  88  11:03  Probe (Chrono Boost)  
  95  11:06  Probe (Chrono Boost)  
  97  11:11  Probe (Chrono Boost)  
  97  11:13  Probe (Chrono Boost)  
  97  11:17  Probe (Chrono Boost)  
  99  11:21  Twilight Council  
  99  11:23  Probe (Chrono Boost), Carrier (Chrono Boost)  
  99  11:24  Probe (Chrono Boost)  
  100  11:32  Pylon  
  106  11:58  Nexus  
  106  12:00  Stalker x2, Pylon  
  104  12:25  Photon Cannon  
  104  12:27  Observer (Chrono Boost)  
  105  12:30  Stalker x3  
Show
View Real Time Build Order
Export as new Build Order

wabbajack Zerg - Winner!

Build Orders: Hatch First, Lurkers 

Get SALT Encoding   

  12  0:00  Drone  
  13  0:33  Drone, Overlord  
  14  0:38  Extractor  
  14  0:39  Drone  
  15  0:48  Hatchery  
  14  0:51  Drone  
  14  0:55  Drone  
  16  1:02  Extractor  
  15  1:16  Spawning Pool  
  14  1:22  Drone x2  
  16  1:29  Drone  
  17  1:38  Drone  
  18  1:48  Drone  
  19  2:00  Overlord  
  19  2:04  Queen  
  19  2:05  Queen  
  23  2:11  Metabolic Boost  
  23  2:16  Zergling x2  
  23  2:19  Drone  
  23  2:21  Drone  
  26  2:24  Drone  
  26  2:27  Drone  
  28  2:42  Drone x3  
  31  2:46  Overlord  
  31  2:49  Pneumatized Carapace  
  31  2:55  Overlord  
  31  3:05  Zergling x6  
  34  3:31  Zergling x2  
  34  3:32  Zergling x16  
  43  3:42  Overlord x2  
  43  4:04  Hatchery  
  43  4:09  Zergling x12  
  51  4:10  Zergling x6  
  50  4:17  Overlord  
  50  4:22  Lair  
  42  4:59  Drone  
  39  5:00  Drone x12, Roach Warren  
  39  5:01  Drone  
  51  5:08  Evolution Chamber  
  46  5:52  Zergling x2  
  46  5:53  Zergling x12  
  46  5:54  Zergling x2  
  52  6:01  Baneling Nest  
  52  6:04  Extractor  
  49  6:10  Extractor  
  47  6:18  Drone x3  
  47  6:20  Drone, Extractor  
  47  6:24  Zerg Missile Weapons Level 1  
  47  6:25  Glial Reconstitution  
  49  6:34  Drone x2  
  49  6:35  Drone  
  49  6:38  Roach  
  49  6:39  Roach x8  
  70  6:43  Overlord x2  
  70  6:44  Overlord  
  66  7:08  Hydralisk Den  
  66  7:10  Drone x3  
  66  7:11  Drone  
  68  7:21  Roach x8  
  81  7:24  Lurker Den  
  81  7:26  Zergling x4  
  81  7:35  Roach x5  
  66  8:21  Spawning Pool  
  65  8:39  Hydralisk  
  65  8:40  Hydralisk x7  
  81  8:42  Overlord x4  
  81  8:48  Drone x3  
  82  8:49  Drone x3  
  87  9:05  Burrow  
  87  9:19  Lurker  
  87  9:23  Hatchery  
  55  10:28  Lurker x2  
  57  10:29  Lurker x2  
  59  10:45  Lurker x3  
  62  10:59  Overseer  
  62  11:07  Drone  
  62  11:08  Drone x12  
  62  11:09  Drone x4  
  79  11:15  Extractor  
  79  11:16  Extractor  
  77  11:22  Overlord x2  
  77  11:24  Drone x4  
  77  11:25  Drone x2  
  83  11:26  Overlord x4  
  83  11:27  Hatchery  
  82  11:35  Evolution Chamber, Queen  
  83  11:41  Drone, Spore Crawler  
  83  11:42  Spine Crawler  
  82  12:21  Spire  
Tags
 
Add a new tag
Caveats
  • Supply blocks, unpowered buildings, or Contaminate may cause inaccurate times.
  • Supply counts are checked every 10 seconds.